 Dungeon Crawl Stone Soup version 0.27-a0-1149-g4505690ab0 (webtiles) character file.

Game seed: 17997857941091157523

2 Lekart the Skirmisher (level 1, 0/19 HPs)
             Began as a Draconian Chaos Knight on May 13, 2021.
             Was a Plaything of Xom.
             Frozen to death by an endoplasm (2 damage)
             ... on level 1 of the Dungeon.
             The game lasted 00:00:12 (29 turns).

Lekart the Skirmisher (Draconian Chaos Knight)        Turns: 29, Time: 00:00:13

Health: 0/19       AC:  4    Str: 14    XL:     1   Next: 33%
Magic:  1/1        EV: 12    Int: 12    God:    Xom [..*...]
Gold:   0          SH:  0    Dex: 10    Spells: 0/0 levels left

rFire    . . .     SeeInvis .   a - +0 falchion (chaos)
rCold    . . .     Faith    .   (no shield)
rNeg     . . .     Spirit   .   (armour unavailable)
rPois    .         Reflect  .   (helmet restricted)
rElec    .         Harm     .   (no cloak)
rCorr    .         Rampage  .   (no gloves)
Will     .....                  (no boots)
Stlth    +.........             (no amulet)
HPRegen  0.06/turn              (no ring)
MPRegen  0.07/turn              (no ring)

@: slowed, very slow
A: AC +4, unfitting armour, cold-blooded
a: Renounce Religion


You were on level 1 of the Dungeon.
You worshipped Xom.
You were a toy of Xom.
You visited 1 branch of the dungeon, and saw 1 of its levels.

Inventory:

Hand Weapons
 a - a +0 falchion of chaos (weapon)


   Skills:
 * Level 3.4 Fighting
 + Level 3.0 Long Blades
 + Level 2.1 Dodging


You couldn't memorise any spells.
You didn't know any spells.
Your spell library was empty.

Dungeon Overview and Level Annotations

Branches:
Dungeon (1/15)

Altars:


Innate Abilities, Weirdness & Mutations

Your plain brown scales are hard. (AC +4)
You cannot fit into any form of body armour.
You are cold-blooded and may be slowed by cold attacks.


Message History

The endoplasm closely misses you. The frilled lizard misses you.
You closely miss the frilled lizard. The endoplasm freezes you.
You are frozen.
You feel yourself slow down. The frilled lizard barely misses you.
The endoplasm closely misses you.
You barely miss the frilled lizard. The frilled lizard bites you.
The endoplasm jiggles.
The endoplasm freezes you.
You are frozen.
The frilled lizard bites you.
You are too injured to fight recklessly!
You are too injured to fight recklessly!
You are too injured to fight recklessly!
The jackal closely misses you. The frilled lizard barely misses you.
You riposte.
You hit the frilled lizard.
Lightning courses through the frilled lizard!
You kill the frilled lizard!
The endoplasm barely misses you.
You riposte.
You hit the endoplasm but do no damage.
The jackal bites you but does no damage.
You feel yourself speed up. The jackal closely misses you.
You riposte.
You hit the jackal.
You tail-slap the jackal, but do no damage.
The jackal is heavily wounded.
The endoplasm freezes you.
You are frozen.
* * * LOW HITPOINT WARNING * * *
A shower of butterflies erupts from you!
You feel yourself slow down.
The jackal closely misses your butterfly.
The jackal completely misses your butterfly.
Something completely misses your butterfly.
The endoplasm freezes you.
You are frozen.
* * * LOW HITPOINT WARNING * * *
You feel as though you will be slow longer.
You open the door.
The jackal completely misses your butterfly.
The endoplasm freezes you.
You are frozen.
You die...

#.#.# .#.# ...#
.#.# ####.b##...#
#..........#
##bb........#.#
#..bb..........
#..h##..†......
#.#J##....##...
#.#@##........
###.#'##....#.##
##.....##....# #
##.......###..#
##.........##..#
#+...........##.#
#.............#
#.............#
#......<......#


You could see an endoplasm (ally target) and a jackal.

Vanquished Creatures
  A hobgoblin (D:1)
  A frilled lizard (D:1)
  A rat (D:1)
3 creatures vanquished.

Notes
Turn   | Place    | Note
-------+----------+-------------------------------------------
     0 | D:1      | Lekart the Draconian Chaos Knight began the quest for the
                  | Orb.
     0 | D:1      | Reached XP level 1. HP: 19/19 MP: 1/1
    25 | D:1      | XOM: butterfly on damage
    29 | D:1      | Frozen to death by an endoplasm

Illustrated notes

Levels and vault maps discovered:
D:1:      lemuel_arrival_rhombus, layout_basic, basic_ecumenical_altar,
          serial_park_tiny_pond

Action                   || total
-------------------------++-------
Melee: Falchion          ||     7
       Tailslap          ||     1
Armor: Skin              ||     2
Dodge: Dodged            ||    10
       Rpst.: Falchion   ||     4

Table legend: (Time is in decaauts)
 A = Elapsed time spent in this place.
 B = Non-inter-level travel time spent in this place.
 C = Inter-level travel time spent in this place.
 D = Time resting spent in this place.
 E = Time spent auto-exploring this place.
 F = Levels seen in this place.
 G = Mean time per level.
                   A        B        C        D        E       F      G
               +--------+--------+--------+--------+--------+-----+--------+
         Total |     33 |     33 |      0 |      0 |     12 |   1 |   33.0 |
       Dungeon |     33 |     33 |      0 |      0 |     12 |   1 |   33.0 |
               +--------+--------+--------+--------+--------+-----+--------+

Top non-repeatable levels by time:
     D:1: 33 daAuts
